Map: 어스름 탑

Players

llllllllllll (Scarlett) - Winner!

  • Race: Zerg Zerg
  • League: Grandmaster

llllllllllll

  • Race: Terran Terran
  • League: Master

VOD

Have the link to the VOD?

Description

Time

  • Played on: April 13, 2016, 9:15 a.m.
  • Length: 9:57
Show
View Real Time Build Order
Export as new Build Order

llllllllllll Zerg - Winner!

Build Orders: Hatch First 

Get SALT Encoding   

  12  0:00  Drone  
  13  0:07  Drone  
  14  0:20  Overlord  
  14  0:23  Extractor, Drone  
  15  0:39  Drone x2  
  17  0:53  Hatchery  
  17  0:56  Drone  
  17  0:59  Drone  
  18  1:11  Spawning Pool  
  18  1:13  Extractor  
  18  1:15  Drone  
  18  1:18  Drone  
  18  1:26  Drone  
  19  1:37  Overlord  
  19  1:54  Drone  
  20  1:58  Queen  
  22  2:01  Zergling x2  
  22  2:05  Queen  
  22  2:06  Drone  
  26  2:13  Metabolic Boost, Zergling x2  
  27  2:16  Drone  
  27  2:20  Drone  
  29  2:33  Queen, Drone x2  
  33  2:51  Overlord  
  33  2:52  Hatchery  
  33  2:53  Drone  
  33  2:55  Drone  
  34  3:00  Overlord  
  34  3:04  Pneumatized Carapace  
  34  3:08  Drone  
  34  3:09  Drone  
  36  3:13  Drone  
  36  3:16  Drone x2  
  39  3:20  Drone  
  40  3:28  Drone  
  40  3:29  Drone x3  
  44  3:46  Drone x2  
  44  3:47  Drone x4  
  50  3:49  Roach Warren  
  49  3:59  Overlord, Drone  
  49  4:00  Drone x2  
  52  4:12  Extractor  
  52  4:13  Lair  
  52  4:14  Overlord x2, Extractor  
  50  4:22  Queen  
  52  4:25  Zergling x6  
  52  4:26  Overlord  
  52  4:27  Drone x4  
  59  4:35  Roach x2  
  59  4:36  Roach x2  
  67  4:39  Evolution Chamber  
  67  4:43  Evolution Chamber  
  65  5:03  Drone  
  65  5:04  Drone x7  
  73  5:08  Zerg Melee Weapons Level 1  
  73  5:09  Zerg Ground Armor Level 1  
  73  5:10  Extractor, Drone x5  
  77  5:20  Overlord  
  77  5:21  Drone x2  
  79  5:22  Infestation Pit  
  71  5:45  Hatchery  
  67  5:51  Drone x2  
  67  5:52  Drone x10  
  78  6:02  Drone x6  
  83  6:09  Overlord, Drone x2  
  85  6:14  Hive  
  85  6:21  Spore Crawler  
  85  6:25  Infestor x2  
  88  6:26  Overlord, Extractor, Drone  
  88  6:27  Extractor, Drone  
  88  6:29  Overlord  
  88  6:33  Infestor  
  88  6:38  Drone x6  
  96  6:49  Queen  
  98  6:55  Drone x2  
  98  6:59  Roach x6  
  98  7:00  Drone  
  98  7:01  Queen, Drone x3  
  116  7:05  Zerg Ground Armor Level 2  
  118  7:14  Zerg Melee Weapons Level 2  
  118  7:18  Drone x2  
  118  7:20  Overlord x5  
  119  7:22  Extractor  
  119  7:29  Ultralisk Cavern  
  117  7:30  Ravager  
  117  7:32  Zergling x2  
  119  7:41  Zergling x10  
  122  7:48  Drone  
  122  7:49  Drone x8  
  122  7:50  Drone x5  
  122  7:51  Burrow  
  136  7:54  Extractor  
  135  8:00  Spore Crawler  
  135  8:02  Spine Crawler  
  135  8:03  Spore Crawler, Adrenal Glands  
  132  8:11  Ravager x5  
  137  8:14  Zergling x30  
  152  8:24  Chitinous Plating  
  152  8:28  Overlord, Spire  
  152  8:29  Overlord x3  
  151  8:36  Ultralisk  
  151  8:37  Zergling x4  
  151  8:41  Spine Crawler  
  158  8:43  Overlord  
  158  8:44  Overseer x2  
  158  8:49  Spine Crawler  
  157  8:57  Ultralisk  
  157  8:58  Hatchery  
  157  9:00  Overseer  
  162  9:07  Ultralisk  
  162  9:09  Zergling x16, Baneling Nest  
  176  9:10  Zergling x2  
  176  9:13  Ravager x3  
  176  9:16  Zergling x2  
  176  9:17  Zergling x14  
  187  9:23  Zergling x2  
  187  9:24  Zergling x8  
Show
View Real Time Build Order
Export as new Build Order

llllllllllll Terran 

Build Orders: Reaper Expand, MMM Bio 

Get SALT Encoding   

  12  0:01  SCV  
  13  0:13  SCV  
  14  0:17  Supply Depot  
  14  0:25  SCV  
  15  0:39  Barracks, SCV  
  16  0:43  Refinery  
  16  0:51  SCV  
  17  1:03  SCV  
  18  1:15  SCV  
  19  1:28  Reaper, Orbital Command  
  20  1:38  Command Center  
  20  1:47  Supply Depot  
  20  1:54  SCV  
  21  2:06  SCV  
  22  2:10  Factory  
  22  2:18  SCV  
  23  2:23  Refinery, Barracks Reactor  
  23  2:30  SCV  
  24  2:42  Command Center, SCV  
  25  2:54  SCV  
  26  2:58  Orbital Command  
  26  2:59  Starport  
  26  3:06  SCV  
  26  3:10  Barracks Tech Lab  
  27  3:17  Hellion x2  
  27  3:19  SCV  
  32  3:24  SCV  
  33  3:31  SCV  
  33  3:32  Stimpack  
  34  3:36  SCV  
  34  3:40  Hellion x2  
  39  3:45  SCV  
  40  3:51  SCV  
  40  3:55  Orbital Command  
  40  3:56  Medivac  
  40  3:57  SCV  
  40  4:02  Hellion x2  
  47  4:03  SCV  
  47  4:09  SCV  
  49  4:12  Engineering Bay  
  49  4:15  Engineering Bay  
  49  4:17  SCV  
  50  4:21  SCV  
  50  4:22  SCV  
  52  4:26  Viking  
  52  4:28  Hellion  
  52  4:29  SCV  
  57  4:32  Hellion  
  57  4:36  SCV  
  57  4:37  SCV  
  61  4:43  Refinery  
  61  4:44  Supply Depot, Refinery  
  61  4:45  Supply Depot  
  61  4:46  Terran Infantry Weapons Level 1  
  61  5:05  SCV x2, Terran Infantry Armor Level 1  
  61  5:06  Barracks  
  63  5:08  Barracks  
  63  5:09  Factory Reactor  
  63  5:10  Orbital Command  
  64  5:16  Supply Depot  
  64  5:18  SCV, Supply Depot  
  64  5:22  SCV  
  64  5:24  Barracks  
  64  5:27  Barracks  
  63  5:30  SCV  
  63  5:31  Marine  
  65  5:36  SCV  
  65  5:42  Combat Shields  
  64  5:44  SCV x2  
  64  5:49  Marauder  
  68  5:53  SCV  
  68  5:55  Supply Depot, Armory  
  68  5:56  Supply Depot  
  68  5:57  Supply Depot  
  65  5:58  SCV  
  66  6:04  SCV  
  66  6:09  Marine x2  
  66  6:10  Marine, Medivac  
  72  6:14  Barracks Reactor x2  
  72  6:16  SCV x2  
  72  6:17  Marine x2  
  76  6:18  Supply Depot  
  76  6:19  Factory Reactor, SCV  
  76  6:20  Supply Depot  
  76  6:24  Barracks x2  
  76  6:25  Barracks  
  77  6:27  Marine  
  77  6:30  SCV x2  
  80  6:38  Marine x2  
  80  6:39  Marine, Marauder  
  85  6:45  Marine  
  86  6:47  SCV  
  86  6:48  SCV x2  
  86  6:50  Supply Depot  
  86  6:51  Supply Depot, Terran Infantry Weapons Level 2  
  86  6:52  Marine x2  
  86  6:53  Marine x2  
  93  6:56  Marine  
  93  7:01  Marauder  
  96  7:02  Marine x2  
  96  7:05  Marine  
  96  7:07  Supply Depot  
  96  7:08  Medivac, Supply Depot  
  99  7:10  Marine, Medivac  
  99  7:14  Barracks Reactor x2  
  99  7:15  Marine, Barracks Reactor  
  104  7:16  Marine x3  
  104  7:21  Supply Depot  
  104  7:22  Marauder, Supply Depot  
  110  7:23  Barracks, SCV x2  
  110  7:25  Marine  
  110  7:29  Terran Infantry Armor Level 2  
  113  7:33  Marine x3  
  113  7:34  Marine  
  117  7:39  Marine x2  
  117  7:43  Marine x2, Marauder  
  117  7:44  Medivac x2  
  125  7:49  Marine x2  
  125  7:50  Marine  
  130  7:52  Marine  
  130  7:53  Marine x3  
  130  7:54  Marine x3  
  137  8:02  Marine x4  
  137  8:03  Supply Depot  
  137  8:04  Supply Depot  
  137  8:05  Marauder  
  143  8:11  Marine  
  143  8:12  Marine x6  
  148  8:13  Marine  
  148  8:14  Medivac x2  
  148  8:15  Barracks Tech Lab  
  148  8:16  Marine  
  156  8:21  Marine  
  156  8:22  Marine x4  
  156  8:26  Marauder  
  153  8:28  Supply Depot x2  
  153  8:29  Marine x2  
  153  8:30  Marine x5  
  160  8:36  Marine x2, Marauder  
  160  8:39  Marine x2  
  160  8:40  Marine x3  
  169  8:44  Medivac  
  169  8:46  Supply Depot  
  169  8:47  Marine x2, Marauder  
  175  8:48  Marine x2  
  175  8:49  Reaper  
  175  8:50  Marine  
  175  8:51  Marine  
  180  8:56  Marine  
  180  8:57  Marine x4, Marauder  
  180  8:58  Marine  
  180  8:59  Marine  
  180  9:00  Concussive Shells  
  180  9:02  Medivac  
  191  9:05  Marine x2  
  191  9:06  Marine  
  191  9:09  Marauder, Marine  
  196  9:10  Marine x2  
  196  9:14  Marine  
  199  9:35  Marine x2, Marauder  
  199  9:36  Marine x6  
  194  9:38  Marine  
Tags
 
Add a new tag
Caveats
  • Supply blocks, unpowered buildings, or Contaminate may cause inaccurate times.
  • Supply counts are checked every 10 seconds.